 Dungeon Crawl Stone Soup version 0.24-a0-520-g8fd06ad0bc (webtiles) character file.

Game seed: 465161082309384458

100 KristoblXynda the Ruffian (level 4, -3/41 HPs)
             Began as a Troll Skald on July 23, 2019.
             Slain by a sky beast (5 damage)
             ... on level 3 of the Dungeon.
             The game lasted 00:01:54 (1288 turns).

KristoblXynda the Ruffian (Troll Skald)             Turns: 1288, Time: 00:01:54

Health: -3/41      AC:  6    Str: 19    XL:     4   Next: 47%
Magic:  4/4        EV: 12    Int: 10    God:
Gold:   145        SH:  0    Dex:  9    Spells: 4/5 levels left

rFire    . . .     SeeInvis .     - Unarmed
rCold    . . .     Gourm    +   (no shield)
rNeg     . . .     Faith    .   a - +0 robe
rPois    .         Spirit   .   (helmet restricted)
rElec    .         Reflect  .   (no cloak)
rCorr    .         Harm     .   (gloves unavailable)
MR       .....                  (boots unavailable)
Stlth    +.........             (no amulet)
HPRegen  0.53/turn              h - +2 ring of evasion
MPRegen  0.09/turn              (no ring)

@: no status effects
A: large, unfitting armour, claws 3, fast metabolism 3, gourmand, regeneration
1, shaggy fur 1, tough skin 3
a: no special abilities


You were on level 3 of the Dungeon.
You were not hungry.

You visited 1 branch of the dungeon, and saw 3 of its levels.

You collected 145 gold pieces.

Inventory:

Armour
 a - a +0 robe (worn)
Jewellery
 h - a +2 ring of evasion (left claw)
Scrolls
 b - a scroll of identify {unknown}
 g - 2 scrolls of immolation {unknown}
 i - a scroll of enchant weapon {unknown}
Potions
 d - a potion of magic {unknown}
 f - a potion of haste {unknown}
 j - a potion of invisibility {unknown}
Comestibles
 c - 4 rations


   Skills:
 - Level 1.5 Fighting
 - Level 2.0 Dodging
 * Level 4.0 Unarmed Combat
 - Level 1.2 Spellcasting
 + Level 2.5 Charms


You had 4 spell levels left.
You knew the following spells:

 Your Spells              Type           Power        Failure   Level  Hunger
a - Infusion              Chrm           #...         12%         1    ##.....

Your spell library contained the following spells:

 Spells                   Type           Power        Failure   Level  Hunger
 Song of Slaying          Chrm           #.......     19%         2    ###....
 Shroud of Golubria       Chrm/Tloc      #.....       30%         2    ###....
 Regeneration             Chrm/Necr      #.........   52%         3    ####...
 Spectral Weapon          Hex/Chrm       #.......     52%         3    ####...


Dungeon Overview and Level Annotations

Branches:
Dungeon (3/15)

Altars:
Ashenzari


Innate Abilities, Weirdness & Mutations

You are too large for most types of armour.
You have claws for hands.
Your metabolism is lightning-fast.
You like to eat raw meat.
Your natural rate of healing is unusually fast.
You are covered in fur. (AC +1)
You have extremely tough skin. (AC +3)


Message History

* * * LOW HITPOINT WARNING * * *
You closely miss the orc.
The orc is severely wounded.
The sky beast hits you.
* * * LOW HITPOINT WARNING * * *
The sky beast shocks you.
* * * LOW HITPOINT WARNING * * *
You barely miss the orc.
The orc is severely wounded.
The orc closely misses you.
Unknown command.
You feel better. The sky beast barely misses you.
The orc hits you with a +0 flail.
* * * LOW HITPOINT WARNING * * *
You claw the orc!
You kill the orc!
The sky beast hits you.
* * * LOW HITPOINT WARNING * * *
The sky beast shocks you.
You die...

..# ..#
##..#
##...#
##....#
##.....##
#..Y..>.#
#@)≈..#
##)........
##..####..
#..# ...#
.o.# ....
Y..o..


You could see a sky beast.

Vanquished Creatures
  An orc priest (D:3)
  3 adders (D:2)
  A worm (D:3)
  A dart slug (D:1)
  A leopard gecko (D:1)
  4 orcs (D:3)
  4 giant cockroaches
  5 goblins (D:1)
  4 hobgoblins
  A quokka (D:2)
  4 bats
  3 frilled lizards
  A kobold (D:1)
  3 rats (D:1)
36 creatures vanquished.

Notes
Turn   | Place    | Note
-------+----------+-------------------------------------------
     0 | D:1      | KristoblXynda the Troll Skald began the quest for the Orb.
     0 | D:1      | Reached XP level 1. HP: 19/19 MP: 1/1
   145 | D:1      | Reached XP level 2. HP: 27/27 MP: 2/2
   625 | D:2      | Found a shattered altar of Ashenzari.
   681 | D:2      | Reached skill level 3 in Unarmed Combat
   681 | D:2      | Reached XP level 3. HP: 33/33 MP: 3/3
  1262 | D:3      | Noticed a sky beast
  1269 | D:3      | Reached XP level 4. HP: 28/41 MP: 4/4
  1278 | D:3      | Reached skill level 4 in Unarmed Combat
  1285 | D:3      | HP: 1/41 [sky beast (6)]
  1288 | D:3      | Slain by a sky beast

Levels and vault maps discovered:
D:1:      psy_arrival_basics, layout_basic
D:2:      layout_basic, lemuel_crystal_altar
D:3:      layout_loops_ring, portal_sewer_entry_a,
          chequers_serial_rivers_micro_e, minmay_misc_feat_x,
          grunt_qazlal_clouds

Skill      XL: |  1  2  3  4 |
---------------+-------------+-----
Dodging        | 2 |  2.0
Unarmed Combat | 3 4 |  4.0
Fighting       | |  1.5
Spellcasting   | |  1.2
Charms         | |  2.5

Action                   |  1- 3 |  4- 6 || total
-------------------------+-------+-------++-------
Melee: Unarmed           |    95 |    16 ||   111
  Use: Potion            |       |     3 ||     3
  Eat: Chunk             |     9 |       ||     9
Armor: Robe              |    31 |    14 ||    45
Dodge: Dodged            |    54 |    17 ||    71

Table legend:
 A = Non-vault XP
 B = Vault XP
 C = Vault XP percentage of total XP
 D = Non-vault monster count
 E = Vault monster count
 F = Vault count percentage of total count
                 A         B        C        D         E       F
            +---------+---------+-------+---------+---------+-------
      Total |     144 |       0 |   0.0 |      36 |       0 |   0.0
            +---------+---------+-------+---------+---------+-------
        D:1 |      33 |       0 |   0.0 |      20 |       0 |   0.0
        D:2 |      51 |       0 |   0.0 |       9 |       0 |   0.0
        D:3 |      60 |       0 |   0.0 |       7 |       0 |   0.0
            +---------+---------+-------+---------+---------+-------
